cohdb
Replays
Latest Replays
All Replays
Popular Replays
Top Player Replays
Match Explorer
How It Works
Community
CoH3 Stats
Reddit
Sign in to upload your games and track your stats! →
Sign in with Steam
Match 42698828
Unlisted
Match 42698828
Overview
Messages
Build Orders
End
Kettenkrad Recon Vehicle
Construct Infanterie Kompanie
Grenadier Squad
Selects Breakthrough Battlegroup
Selects Assault Grenadiers
Grenadier Squad
MG 42 Machine Gun Team
Construct Luftwaffe Kompanie
Construct Luftwaffe Kompanie
Flak 30 Anti-aircraft Gun Team
Jäger Squad
Support Elements
Wirbelwind Flakpanzer
Selects Breakthrough
Selects Mechanized Assault Group
Jäger Squad
Marder III M Tank Destroyer
Marder III M Tank Destroyer
Selects Rapid Production
Flamigo
Mogge Gaming
.
MZMZ
仙台葉月@宮城のけち
Lancet
Obsidian sand
Carecup
0
0
Comments
sign in to comment!
No comments posted yet!